[Event "SWE-ch 2019"]
[Site "Eskilstuna"]
[Date "2019.07.13"]
[Round "8.4"]
[White "Johansson, Linus"]
[Black "Sagit, Rauan"]
[Result "0-1"]
[ECO "D02"]
[WhiteElo "2480"]
[BlackElo "2429"]
[Annotator "ChessBase"]
[PlyCount "70"]
[EventDate "2019.07.06"]
[EventType "tourn"]
[EventCountry "SWE"]
[SourceTitle "playchess.com"]
[Source "ChessBase"]
[SourceQuality "1"]
[TimeControl "40/5400+30:1800+30"]

1. Nf3 d5 2. g3 Nf6 3. Bg2 e6 4. c4 Be7 5. O-O O-O 6. b3 b6 7. Bb2 c5 8. d4 Bb7 9. Nbd2 Nc6 10. cxd5 Nxd5 11. dxc5 Bxc5 12. Ne4 Be7 13. Nd4 Ndb4 14. Nxc6 Nxc6 15. Qc1 Rc8 16. Rd1 Qc7 17. Qc3 e5 18. Rac1 Rfd8 19. e3 h6 20. a3 Bf8 21. b4 Qb8 22. Qb3 Qa8 23. Bh3 Rxd1+ 24. Rxd1 Rd8 25. Rxd8 Qxd8 26. Qc2 Qd5 27. Bg2 Kh8 28. f4 Qe6 29. b5 Na5 30. Bxe5 Nc4 31. Ng5 hxg5 32. Bxb7 Bc5 33. Qd1 Nxe5 34. Bd5 Qg4 35. Qf1 gxf4 0-1

[Event "SWE-ch 2019"]
[Site "Eskilstuna"]
[Date "2019.07.13"]
[Round "8.5"]
[White "Cramling, Pia"]
[Black "Kucuksari, Kaan"]
[Result "1-0"]
[ECO "D61"]
[WhiteElo "2479"]
[BlackElo "2310"]
[Annotator "ChessBase"]
[PlyCount "75"]
[EventDate "2019.07.06"]
[EventType "tourn"]
[EventCountry "SWE"]
[SourceTitle "playchess.com"]
[Source "ChessBase"]
[SourceQuality "1"]
[TimeControl "40/5400+30:1800+30"]

1. c4 c6 2. d4 d5 3. Nf3 Nf6 4. Nc3 e6 5. Bg5 Be7 6. e3 Nbd7 7. Qc2 h6 8. Bh4 O-O 9. Rd1 a6 10. a3 b5 11. c5 a5 12. b4 Ng4 13. Bxe7 Qxe7 14. e4 axb4 15. axb4 dxe4 16. Qxe4 Ndf6 17. Qxc6 Bb7 18. Qxb5 Ra3 19. c6 Ba6 20. Qc5 Qxc5 21. bxc5 Bxf1 22. Kxf1 Rxc3 23. h3 Rc8 24. hxg4 Nxg4 25. Ke2 Rxc6 26. Rc1 Ra3 27. Ra1 Rca6 28. Rxa3 Rxa3 29. Rc1 Ra8 30. Rc2 Kf8 31. Rb2 Ra7 32. Kd3 Ke7 33. Kc4 Nf6 34. Ne5 Rc7 35. Rb6 Nd5 36. Rd6 f6 37. Nc6+ Kf8 38. Nd8 1-0

[Event "SWE-ch 2019"]
[Site "Eskilstuna"]
[Date "2019.07.14"]
[Round "9.1"]
[White "Kucuksari, Kaan"]
[Black "Lokander, Martin"]
[Result "1-0"]
[ECO "E06"]
[WhiteElo "2310"]
[BlackElo "2397"]
[Annotator "ChessBase"]
[PlyCount "51"]
[EventDate "2019.07.06"]
[EventType "tourn"]
[EventCountry "SWE"]
[SourceTitle "playchess.com"]
[Source "ChessBase"]
[SourceQuality "1"]
[TimeControl "40/5400+30:1800+30"]

1. d4 d5 2. Nf3 Nf6 3. c4 e6 4. Nc3 Be7 5. g3 O-O 6. Bg2 c6 7. O-O b6 8. Ne5 Nfd7 9. cxd5 Nxe5 10. dxe5 exd5 11. Nxd5 Bb7 12. Nxe7+ Qxe7 13. Qd6 Re8 14. Rd1 Na6 15. Bf4 Nb4 16. Rac1 Nxa2 17. Ra1 Nb4 18. Qxe7 Rxe7 19. Rxa7 Rae8 20. Bd2 Rd8 21. Rda1 Nc2 22. Bg5 f6 23. exf6 Rf7 24. fxg7 Re8 25. Rd1 Rxe2 26. Bh6 1-0

[Event "SWE-ch 2019"]
[Site "Eskilstuna"]
[Date "2019.07.14"]
[Round "9.2"]
[White "Hillarp Persson, Tiger"]
[Black "Hector, Jonny"]
[Result "0-1"]
[ECO "A21"]
[WhiteElo "2562"]
[BlackElo "2487"]
[Annotator "ChessBase"]
[PlyCount "112"]
[EventDate "2019.07.06"]
[EventType "tourn"]
[EventCountry "SWE"]
[SourceTitle "playchess.com"]
[Source "ChessBase"]
[SourceQuality "1"]
[TimeControl "40/5400+30:1800+30"]

1. c4 e5 2. Nc3 Bb4 3. Nd5 Be7 4. Nf3 e4 5. Nd4 Nf6 6. Qc2 O-O 7. Nf5 Nxd5 8. cxd5 d6 9. Qxe4 Bf6 10. g3 Re8 11. Qf3 Na6 12. Bg2 Nb4 13. Qb3 Bxf5 14. Qxb4 Bd3 15. e3 Qd7 16. a4 c5 17. dxc6 bxc6 18. Ra3 a5 19. Qb3 Ba6 20. d3 d5 21. O-O h5 22. Qc2 Be7 23. Ra1 Rab8 24. Bd2 Bb4 25. Rfc1 Rec8 26. d4 Bc4 27. Bc3 Rb6 28. b3 Bxc3 29. Qxc3 Rxb3 30. Qxa5 Rcb8 31. Qe1 h4 32. a5 hxg3 33. hxg3 Ra8 34. Bf1 Bxf1 35. Qxf1 Rb5 36. a6 Rb6 37. Rcb1 Qa7 38. Qd3 g6 39. Rxb6 Qxb6 40. Qa3 Ra7 41. Kg2 Qb8 42. Qc5 Qc7 43. Qa5 Qb8 44. Qc5 Qc7 45. g4 Kg7 46. f4 Qd7 47. Kf3 Ra8 48. a7 Qe6 49. Qc3 Qe7 50. g5 Qe6 51. Ke2 Rh8 52. a8=Q Rh2+ 53. Ke1 Qg4 54. Qa6 Qg3+ 55. Kd1 Qf3+ 56. Kc1 Qh1+ 0-1

[Event "SWE-ch 2019"]
[Site "Eskilstuna"]
[Date "2019.07.14"]
[Round "9.3"]
[White "Wiedenkeller, Michael"]
[Black "Johansson, Linus"]
[Result "1/2-1/2"]
[ECO "E38"]
[WhiteElo "2461"]
[BlackElo "2480"]
[Annotator "ChessBase"]
[PlyCount "149"]
[EventDate "2019.07.06"]
[EventType "tourn"]
[EventCountry "SWE"]
[SourceTitle "playchess.com"]
[Source "ChessBase"]
[SourceQuality "1"]
[TimeControl "40/5400+30:1800+30"]

1. d4 Nf6 2. c4 e6 3. Nc3 Bb4 4. Qc2 c5 5. dxc5 Bxc5 6. Nf3 Qb6 7. e3 Qc7 8. b3 b6 9. Bb2 a6 10. Bd3 Nc6 11. a3 Bb7 12. Ne4 Be7 13. Nxf6+ Bxf6 14. O-O h5 15. Rac1 h4 16. h3 Ne5 17. Nxe5 Bxe5 18. f4 Bxb2 19. Qxb2 f5 20. b4 O-O 21. Qd4 a5 22. c5 Qc6 23. Rf2 axb4 24. Qxb4 Rfb8 25. Bb5 Qc7 26. Rfc2 Be4 27. Rc3 bxc5 28. Rxc5 Qb7 29. Qd2 Rxa3 30. Bxd7 Bd5 31. Rb5 Qxb5 32. Bxb5 Rxb5 33. Qe2 Rb8 34. Rc2 Rba8 35. Qh5 Ra2 36. Rxa2 Rxa2 37. Qe8+ Kh7 38. Qh5+ Kg8 39. Qxh4 Rxg2+ 40. Kf1 Ra2 41. Qe7 Rh2 42. Qe8+ Kh7 43. Qh5+ Kg8 44. h4 Kf8 45. Qg5 Kf7 46. Qd8 Ra2 47. Qd7+ Kf8 48. Qd8+ Kf7 49. Qh8 Bg2+ 50. Kg1 Bf3 51. Qd8 Bd5 52. h5 Rg2+ 53. Kf1 Rh2 54. Qg5 Rg2 55. Qh4 Ra2 56. Qd8 Rh2 57. Qg5 Rg2 58. Qh4 Ra2 59. h6 gxh6 60. Qxh6 Ke7 61. Qg7+ Kd6 62. Qd4 Kc6 63. Ke1 Rg2 64. Qf6 Kc5 65. Qc3+ Kd6 66. Qa3+ Kc6 67. Qe7 Ra2 68. Qe8+ Kd6 69. Qc8 Rg2 70. Kf1 Ra2 71. Qd8+ Kc6 72. Qe7 Bc4+ 73. Kg1 Bd5 74. Qf6 Kc5 75. Qd4+ 1/2-1/2

[Event "SWE-ch 2019"]
[Site "Eskilstuna"]
[Date "2019.07.14"]
[Round "9.4"]
[White "Sagit, Rauan"]
[Black "Blomqvist, Erik"]
[Result "0-1"]
[ECO "D02"]
[WhiteElo "2429"]
[BlackElo "2492"]
[Annotator "ChessBase"]
[PlyCount "120"]
[EventDate "2019.07.06"]
[EventType "tourn"]
[EventCountry "SWE"]
[SourceTitle "playchess.com"]
[Source "ChessBase"]
[SourceQuality "1"]
[TimeControl "40/5400+30:1800+30"]

1. Nf3 d5 2. g3 Nd7 3. d4 b5 4. Bg2 e6 5. O-O Bb7 6. c3 Ngf6 7. a4 b4 8. a5 Rb8 9. a6 Ba8 10. Bf4 Be7 11. Qc2 O-O 12. Rc1 Nh5 13. Bd2 bxc3 14. Bxc3 c5 15. Nbd2 Nhf6 16. e3 Bd6 17. dxc5 Bxc5 18. Nb3 Bb6 19. Ne5 Qe7 20. Nd3 Rfd8 21. Na5 e5 22. Qa4 Qe6 23. Be1 Re8 24. Qd1 h5 25. b4 d4 26. Bxa8 Rxa8 27. Nb7 dxe3 28. Ndc5 Qh3 29. fxe3 e4 30. Bc3 Ne5 31. Bxe5 Rxe5 32. Qf1 Qg4 33. Qf4 Rd5 34. Qxg4 Nxg4 35. Rc2 f5 36. Re2 Kf7 37. Rf1 Ke7 38. h3 Ne5 39. Kg2 Nf3 40. Rc1 Rc8 41. Kf2 Rc6 42. Ra2 Ne5 43. Kg2 h4 44. gxh4 Rg6+ 45. Kf1 Rg3 46. Rg2 Rxh3 47. Ke2 Ng4 48. Rc3 f4 49. exf4 Rxc3 50. Rxg4 e3 51. Rxg7+ Ke8 52. Rg5 Rd2+ 53. Kf3 Bc7 54. Rg1 e2+ 55. Kf2 Bxf4 56. Rg8+ Kf7 57. Rf8+ Kxf8 58. Ne6+ Kf7 59. Nxf4 Rf3+ 60. Ke1 Rf1+ 0-1

[Event "SWE-ch 2019"]
[Site "Eskilstuna"]
[Date "2019.07.14"]
[Round "9.5"]
[White "Smith, Axel"]
[Black "Cramling, Pia"]
[Result "0-1"]
[ECO "E20"]
[WhiteElo "2469"]
[BlackElo "2479"]
[Annotator "ChessBase"]
[PlyCount "62"]
[EventDate "2019.07.06"]
[EventType "tourn"]
[EventCountry "SWE"]
[SourceTitle "playchess.com"]
[Source "ChessBase"]
[SourceQuality "1"]
[TimeControl "40/5400+30:1800+30"]

1. d4 Nf6 2. c4 e6 3. Nc3 Bb4 4. f3 c5 5. d5 d6 6. e4 O-O 7. Nge2 Re8 8. Ng3 b5 9. Bf4 Qb6 10. Bd2 exd5 11. Nxd5 Nxd5 12. cxd5 Bxd2+ 13. Qxd2 Nd7 14. Be2 c4 15. h4 Ne5 16. h5 h6 17. f4 Nd7 18. Kf1 Nc5 19. Qc2 Bd7 20. Re1 Rac8 21. Qb1 b4 22. f5 Bb5 23. Rh4 Nd3 24. Nh1 c3 25. bxc3 Nxe1 26. Bxb5 Qxb5+ 27. Kxe1 Rxc3 28. Rh3 Qc4 29. Rxc3 Rxe4+ 30. Kf2 bxc3 31. Ng3 Qd4+ 0-1